 Dungeon Crawl Stone Soup version 0.22.1-1-ga44c0e5 (webtiles) character file.

4037 Loudmushroom the Chopper (level 10, -7/63 HPs)
             Began as a Gargoyle Fighter on Oct 3, 2018.
             Was a Priest of Okawaru.
             Mangled by a crocodile (10 damage)
             ... on level 1 of the Lair of Beasts.
             The game lasted 00:57:02 (9301 turns).

Loudmushroom the Chopper (Gargoyle Fighter)         Turns: 9301, Time: 00:57:03

Health: -7/63      AC: 27    Str: 22    XL:     10   Next: 24%
Magic:  13/13      EV:  5    Int: 10    God:    Okawaru [***...]
Gold:   471        SH: 15    Dex:  9    Spells: 9/9 levels left

rFire    . . .     SeeInvis +   a - +1 war axe
rCold    . . .     Gourm    .   c - +1 shield
rNeg     + . .     Faith    .   q - +0 plate armour
rPois    ∞         Spirit   .   H - +2 helmet
rElec    +         Reflect  +   u - +2 cloak
rCorr    .         Harm     .   (no gloves)
MR       +....                  (no boots)
Stlth    ..........             h - +4 amulet of reflection
HPRegen  0.20/turn              E - ring of protection from magic
MPRegen  0.13/turn              O - ring of see invisible

@: no status effects
A: negative energy resistance 1, electricity resistance, unbreathing,
petrification resistance, rot immunity, AC +7
a: Heroism, Renounce Religion


You were on level 1 of the Lair of Beasts.
You worshipped Okawaru.
Okawaru was most pleased with you.
You were hungry.

You visited 3 branches of the dungeon, and saw 10 of its levels.
You also visited: Sewer.

You collected 471 gold pieces.

Inventory:

Hand Weapons
 a - a +1 war axe (weapon)
 b - a +0 hunting sling
 B - a +0 flail
 J - a +0 hand axe of chopping
Missiles
 g - 241 stones
 r - 53 poisoned needles
 w - 31 sling bullets
 G - 10 tomahawks (quivered)
Armour
 c - a +1 shield (worn)
 q - a +0 plate armour (worn)
 u - a +2 cloak (worn)
 H - a +2 helmet (worn)
Jewellery
 h - a +4 amulet of reflection (around neck)
 i - a +3 ring of evasion
 v - an uncursed ring of resist corrosion {unknown}
 E - a ring of protection from magic (left hand)
 N - an uncursed ring of wizardry {unknown}
 O - a ring of see invisible (right hand)
Wands
 k - a wand of paralysis (7)
 p - a wand of enslavement (7)
 y - a wand of flame (18)
Scrolls
 e - 2 scrolls of identify
 m - 8 scrolls of remove curse
 A - 2 scrolls of teleportation
 D - a scroll of magic mapping
 I - a scroll of immolation
 L - 2 scrolls of fear
Potions
 d - 4 potions of might
 j - a potion of ambrosia {unknown}
 l - 3 potions of agility
 n - a potion of lignification {unknown}
 o - a potion of invisibility {unknown}
 s - 3 potions of brilliance {unknown}
 t - 5 potions of flight
 x - 6 potions of heal wounds
 z - 2 potions of resistance {unknown}
 C - a potion of berserk rage {unknown}
 F - 3 potions of curing
 K - a potion of magic {unknown}
 M - 3 potions of degeneration {unknown}
 P - 2 potions of mutation {unknown}
Comestibles
 f - 15 rations


   Skills:
 + Level 7.3 Fighting
 * Level 7.9 Axes
 + Level 7.3 Armour
 + Level 7.3 Shields
 + Level 4.2 Invocations
 + Level 3.4 Evocations


You had 9 spell levels left.
You didn't know any spells.
Your spell library contained the following spells:

 Spells                   Type           Power        Failure   Level  Hunger
 Bolt of Magma            Conj/Fire/Erth #.........   100%        5    ######.
 Iskenderun's Battlesphe  Conj/Chrm      #.......     100%        5    ######.
 Venom Bolt               Conj/Pois      #.........   100%        5    ######.
 Iron Shot                Conj/Erth      #.........   100%        6    #######
 Orb of Destruction       Conj           #.........   100%        7    #######
 Spellforged Servitor     Conj/Summ      #.........   100%        7    #######


Dungeon Overview and Level Annotations

Branches:
Dungeon (8/15)             Temple (1/1) D:6            Lair (1/6) D:8

Altars:
Cheibriados
Dithmenos
Elyvilon
Fedhas
Gozag
Hepliaklqana
Kikubaaqudgha
Makhleb
Nemelex Xobeh
Okawaru
Qazlal
Ru
Sif Muna
Trog
Vehumet
Wu Jian
Xom
Yredelemnul
Zin
The Shining One

Shops:
D:4 !


Innate Abilities, Weirdness & Mutations

You are resistant to torment.
Your stone body is resilient. (AC +7)
You are immune to poison.
You resist negative energy. (rN+)
You are resistant to electric shocks. (rElec)
You can survive without breathing.
You are immune to petrification.
You are immune to rotting.


Message History

The komodo dragon is heavily wounded.
You closely miss the crocodile. You hit the crocodile.
Your shield and plate armour prevent you from hitting the spiny frog.
You slash the crocodile! The komodo dragon bites you.
* * * LOW HITPOINT WARNING * * *
The crocodile bites you but does no damage.
You block the crocodile's attack.
The spiny frog stings you but does no damage.
You block the crocodile's attack. You block the komodo dragon's attack.
You slash the komodo dragon!
The komodo dragon is heavily wounded.
You completely miss the crocodile. You hit the spiny frog.
You closely miss the crocodile. You hit the crocodile.
The spiny frog stings you!
* * * LOW HITPOINT WARNING * * *
The crocodile bites you.
* * * LOW HITPOINT WARNING * * *
The crocodile bites you but does no damage.
The crocodile bites you!
You die...

...#....##........#
..................##.+
.##P...###.#.#..##...
............#####.... .
...........###.../.###..
............##....#....#
.##.......###...#.......
#####...#....#.t.⌠...⌠
#P......'..l@F...>..
#.....#.#..#..#tt.⌠...⌠
#....#..###....#.......
#....#...#.##..#.##....
..........#. ##.... ###
#.......... .#....
.....##...#. . ###..
..... ..#.#.### ...


You could see a komodo dragon, a spiny frog and 3 crocodiles.

Vanquished Creatures
  4 blink frogs
  A hippogriff (Lair:1)
  A hungry ghost (D:8)
  3 ice beasts
  3 sky beasts
  An orc warrior (D:8)
  A phantom (D:6)
  An ogre (D:8)
  3 wolves (D:8)
  A centaur (D:7)
  3 big kobolds
  6 bullfrogs
  A scorpion (D:8)
  4 killer bees (D:7)
  2 crimson imps (D:7)
  A bullfrog zombie (D:7)
  4 hounds
  A centaur skeleton (D:4)
  An orc priest (D:6)
  7 orc wizards
  3 iguanas
  3 worker ants
  2 hound skeletons
  A worker ant zombie (D:7)
  7 adders
  6 river rats (Sewer)
  A shadow imp (D:8)
  3 oozes
  4 adder zombies
  An adder skeleton (D:4)
  3 worms
  3 leopard geckos
  9 orcs
  7 bats
  9 giant cockroaches
  2 goblins
  7 hobgoblins
  5 jackals
  5 quokkas
  7 ball pythons
  11 frilled lizards
  23 kobolds
  A quokka zombie (D:7)
  24 rats
  A rat zombie (D:4)
  6 fungi (D:8)
203 creatures vanquished.

Vanquished Creatures (others)
  A centaur (D:8)
  A fungus (D:8)
2 creatures vanquished.

Grand Total: 205 creatures vanquished

Notes
Turn   | Place    | Note
-------+----------+-------------------------------------------
     0 | D:1      | Loudmushroom the Gargoyle Fighter began the quest for the
                  | Orb.
     0 | D:1      | Reached XP level 1. HP: 14/14 MP: 1/1
   201 | D:1      | Reached XP level 2. HP: 15/19 MP: 2/2
   911 | D:1      | Reached XP level 3. HP: 20/23 MP: 3/3
  1741 | D:2      | Found a deep blue altar of Sif Muna.
  1833 | D:2      | Reached XP level 4. HP: 28/29 MP: 4/4
  2529 | D:3      | Found an ornate altar of the Wu Jian Council.
  2529 | D:3      | Found a faded altar of an unknown god.
  2540 | D:3      | Found a faded altar of an unknown god.
  2542 | D:3      | Found a burning altar of Makhleb.
  2555 | D:3      | Found a snail-covered altar of Cheibriados.
  2702 | D:3      | Found a shadowy altar of Dithmenos.
  3003 | D:4      | Reached XP level 5. HP: 7/33 MP: 5/5
  3513 | D:4      | Found a white marble altar of Elyvilon.
  3615 | D:4      | Found an ancient bone altar of Kikubaaqudgha.
  3740 | D:4      | Found Vatref's Distillery.
  3834 | D:5      | Entered Level 5 of the Dungeon
  3942 | D:5      | Found a glowing drain.
  3951 | Sewer    | Entered a sewer
  3979 | Sewer    | Reached XP level 6. HP: 38/39 MP: 6/6
  4485 | Sewer    | Reached XP level 7. HP: 43/44 MP: 7/7
  4860 | D:5      | Found a radiant altar of Vehumet.
  4940 | D:6      | Reached skill level 5 in Fighting
  4940 | D:6      | Reached skill level 5 in Armour
  4940 | D:6      | Reached skill level 5 in Shields
  5020 | D:6      | Reached skill level 5 in Axes
  5853 | D:6      | Reached XP level 8. HP: 49/49 MP: 8/8
  6120 | D:6      | Found a staircase to the Ecumenical Temple.
  6130 | Temple   | Entered the Ecumenical Temple
  6201 | Temple   | Became a worshipper of Warmaster Okawaru
  6567 | D:7      | Reached skill level 1 in Invocations
  6582 | D:7      | Reached skill level 1 in Evocations
  6765 | D:7      | Reached * piety under Okawaru
  6768 | D:7      | Reached XP level 9. HP: 27/55 MP: 10/10
  7980 | D:8      | Reached ** piety under Okawaru
  8183 | D:8      | Found a staircase to the Lair.
  8298 | D:8      | Found a sacrificial altar of Ru.
  8305 | D:8      | Found an opulent altar of Gozag.
  8312 | D:8      | Found a hazy altar of Hepliaklqana.
  8636 | Lair:1   | Entered Level 1 of the Lair of Beasts
  8693 | D:8      | Reached *** piety under Okawaru
  8693 | D:8      | Reached XP level 10. HP: 39/63 MP: 12/12
  9290 | Lair:1   | Noticed a spiny frog
  9301 | Lair:1   | HP: 3/63 [crocodile (6)]
  9301 | Lair:1   | Mangled by a crocodile

Skill      XL: |  1  2  3  4  5  6  7  8  9 10 |
---------------+-------------------------------+-----
Axes           | 2 3 4 5 6 7 |  7.9
Fighting       | 4 5 6 7 |  7.3
Armour         | 4 5 6 7 |  7.3
Shields        | 4 5 6 7 |  7.3
Invocations    | 1 3 4 |  4.2
Evocations     | 1 3 |  3.4

Action                   |  1- 3 |  4- 6 |  7- 9 | 10-12 || total
-------------------------+-------+-------+-------+-------++-------
Melee: War axe           |   164 |   288 |   468 |    69 ||   989
 Fire: Hunting sling     |       |       |     3 |       ||     3
  Use: Scroll            |       |    13 |     5 |       ||    18
  Eat: Chunk             |     3 |     6 |    15 |     2 ||    26
       Ration            |       |     1 |     1 |       ||     2
Armor: Scale mail        |    74 |       |       |       ||    74
       Plate armour      |    29 |   202 |   376 |    71 ||   678
Dodge: Dodged            |    54 |    78 |    99 |    16 ||   247
Block: Shield            |   118 |   188 |   454 |    92 ||   852
       Reflection        |       |     1 |     7 |       ||     8
